 Dungeon Crawl Stone Soup version 0.30-a0-591-g3c58d2bc28 (webtiles) character file.

Game seed: 15115241057614129383

62034 Dirtsage the Martial Artist (level 15, -37/123 HPs)
             Began as an Octopode Transmuter on Jan 4, 2023.
             Was a High Priest of the Shining One.
             Annihilated by a titanic slime creature (70 damage)
             ... on level 12 of the Dungeon.
             The game lasted 01:27:04 (21959 turns).

Dirtsage the Martial Artist (Octopode Transmuter)  Turns: 21959, Time: 01:27:05

Health: -37/123    AC: 18    Str: 11    XL:     15   Next: 4%
Magic:  27/27      EV: 21    Int: 22    God:    the Shining One [*****.]
Gold:   1208       SH:  0    Dex:  9    Spells: 2/30 levels left

rFire   . . .      SeeInvis .      - Unarmed
rCold   + + +      Faith    .    (shield currently unavailable)
rNeg    + + +      Spirit   .    (helmet currently unavailable)
rPois   +          Reflect  .    R - amulet "Faix" {Acrobat Rampage Fly rN+ Dex-3}
rElec   .          Harm     .    I - ring of protection from cold
rCorr   +          Rampage  +    r - ring "Zuaz" {AC+4 Slay+6}
Will    +....                    C - ring of resist corrosion
Stlth   +                        F - ring of protection from fire
HPRegen 0.40/turn                N - ring of positive energy
MPRegen 0.20/turn                J - +5 ring of evasion
                                 W - +4 ring of protection
                                 y - +5 ring of evasion

@: about to teleport, ice-form, wereblooded (expiring), flying, glowing
A: freezing attack, boosted hp, almost no armour, amphibious, 8 rings, large,
(camouflage 1), (gelatinous body 1), (nimble swimmer 1), (tentacles)
a: End Transformation, Renounce Religion, Divine Shield, Cleansing Flame, Summon
Divine Warrior


You were on level 12 of the Dungeon.
You worshipped the Shining One.
The Shining One was extremely pleased with you.
You were a creature of crystalline ice.
You visited 3 branches of the dungeon, and saw 18 of its levels.

You collected 1208 gold pieces.

Inventory:

Hand Weapons
 L - the +8 arc blade {discharge, rElec}
   (You found it on level 10 of the Dungeon)

   It occasionally unleashes powerful arcs of lightning upon striking a foe.
   These may arc to other adjacent creatures (including the wielder, but dealing
   reduced damage to them) before grounding out.
   rElec:     It insulates you from electricity.
Missiles
 Q - 4 curare-tipped darts
 T - 2 throwing nets
Armour
 G - a +2 hat (melded)
Magical Staves
 M - a staff of air
Jewellery
 c - an amulet of reflection
 q - a ring of willpower
 r - the ring "Zuaz" (right front paw) {AC+4 Slay+6}
   (You found it on level 11 of the Dungeon)

   [ring of protection]

   AC:        It affects your AC (+4).
   Slay:      It affects your accuracy & damage with ranged weapons and melee
   (+6).
 y - a +5 ring of evasion (on tentacle)
 C - a ring of resist corrosion (on tentacle)
 F - a ring of protection from fire (on tentacle)
 I - a ring of protection from cold (left front paw)
 J - a +5 ring of evasion (on tentacle)
 N - a ring of positive energy (on tentacle)
 P - an amulet of magic regeneration
 R - the amulet "Faix" (around neck) {Acrobat Rampage Fly rN+ Dex-3}
   (You found it on level 11 of the Dungeon)

   [amulet of the acrobat]

   It increases your evasion while moving and waiting.
   Dex:       It affects your dexterity (-3).
   rN:        It protects you from negative energy.
   Fly:       It grants you flight.
   Rampage:   It bestows one free step when moving towards enemies.
 S - a ring of magical power
 W - a +4 ring of protection (on tentacle)
Wands
 o - a wand of mindburst (10)
 u - a wand of roots (27)
 D - a wand of digging (7)
 E - a wand of quicksilver (9)
 U - a wand of paralysis (11)
 Y - a wand of flame (9)
Scrolls
 f - 4 scrolls of magic mapping
 i - 3 scrolls of identify
 m - 3 scrolls of enchant weapon
 n - 3 scrolls of silence
 p - 4 scrolls of immolation
 s - 5 scrolls of fog
 t - 2 scrolls of teleportation
 v - a scroll of amnesia
 x - 5 scrolls of poison
 B - 7 scrolls of blinking
 K - a scroll of enchant armour
 O - a scroll of brand weapon
 X - 2 scrolls of vulnerability
 Z - 3 scrolls of summoning
Potions
 a - 2 potions of lignification
 b - 4 potions of mutation
 d - 4 potions of might
 e - 8 potions of curing {unknown}
 g - 4 potions of attraction {unknown}
 h - 2 potions of haste
 j - 3 potions of berserk rage {unknown}
 k - 2 potions of brilliance {unknown}
 l - 2 potions of heal wounds
 w - a potion of ambrosia
 z - 3 potions of cancellation {unknown}
 A - 2 potions of magic
 H - 2 potions of flight
Miscellaneous
 V - a box of beasts


   Skills:
 + Level 10.0 Fighting
 + Level 6.9 Dodging
 - Level 11.8 Unarmed Combat
 + Level 8.2 Spellcasting
 - Level 7.2 Hexes
 - Level 5.1 Translocations
 - Level 10.1 Transmutations
 - Level 7.0 Ice Magic
 - Level 5.2 Air Magic
 * Level 3.4 Earth Magic
 + Level 10.6 Invocations


You had 2 spell levels left.
You knew the following spells:

 Your Spells              Type           Power      Damage    Failure   Level
a - Beastly Appendage     Tmut           100%       N/A       1%          1
b - Wereblood             Tmut           52%        N/A       1%          2
c - Ice Form              Ice/Tmut       46%        N/A       2%          4
d - Tukima's Dance        Hex            41%        N/A       1%          3
e - Vhi's Electric Charg  Tloc/Air       62%        N/A       2%          3
f - Confusing Touch       Hex            41%        N/A       1%          3
g - Lesser Beckoning      Tloc           62%        N/A       2%          3
h - Statue Form           Tmut/Erth      25%        N/A       56%         6
A - Ozocubu's Armour      Ice            39%        N/A       1%          3

Your spell library contained the following spells:

 Spells                   Type           Power      Damage    Failure   Level
 Apportation              Tloc           62%        N/A       1%          1
 Static Discharge         Conj/Air       40%        2-4/arc   3%          2
 Kiss of Death            Conj/Necr      36%        2d8       8%          1
 Sublimation of Blood     Necr           9%         N/A       11%         2
 Portal Projectile        Hex/Tloc       72%        N/A       1%          3
 Gell's Gravitas          Tloc           31%        N/A       2%          3
 Spider Form              Tmut/Pois      31%        N/A       2%          3
 Teleport Other           Tloc           31%        N/A       2%          3
 Blade Hands              Tmut           26%        N/A       3%          5
 Inner Flame              Hex/Fire       25%        N/A       4%          3
 Hailstorm                Conj/Ice       24%        3d7       5%          3
 Leda's Liquefaction      Hex/Erth       16%        N/A       9%          4
 Metabolic Englaciation   Hex/Ice        20%        N/A       11%         5
 Alistair's Intoxication  Tmut/Pois      20%        N/A       26%         5
 Lee's Rapid Deconstruct  Erth           12%        3d8*      45%         5
 Arcjolt                  Conj/Air       10%        1d20      56%         5
 Lightning Bolt           Conj/Air       10%        1d23      56%         5
 Dispel Undead            Necr           9%         3d8       58%         4
 Flame Wave               Conj/Fire      9%         2d6       58%         4
 Sticky Flame             Conj/Fire      9%         2d3       58%         4
 Simulacrum               Ice/Necr       12%        N/A       95%         6
 Ozocubu's Refrigeration  Ice            19%        4d11      98%         7
 Summon Hydra             Summ           4%         N/A       100%        7


Dungeon Overview and Level Annotations

Branches:
Dungeon (12/15)            Temple (1/1) D:6            Lair (5/5) D:9
 Shoals (0/4) Lair:3       Spider (0/4) Lair:2        Slime (0/5) Lair:4
    Orc (0/2) D:11

Altars:
Ashenzari
Kikubaaqudgha
Qazlal
Ru
Xom
The Shining One
Jiyva

Portals:
Trove: D:10 (give 7 potions of haste)

Annotations:
D:12 Rupert


Innate Abilities, Weirdness & Mutations

You are a creature of crystalline ice.
You have a powerful freezing melee attack.
Your maximum health is increased.
Your armour is entirely melded.
You are incapable of wielding weapons or throwing items.
You cannot wear most types of armour.
You are amphibious.
You can wear up to eight rings at the same time.
((Your skin changes colour to match your surroundings (Stealth+).))
((Your rubbery body absorbs attacks. (AC +1, EV +1)))
((You are camouflaged when in or above water. (Stealth+)))
((You have tentacles for arms and can constrict up to eight enemies at once.))


Message History

The enormous slime creature attacks as you move away!
The enormous slime creature completely misses you.
The enormous slime creature attacks as you move away!
The enormous slime creature completely misses you.
The vampire mosquito closely misses you.
The vampire mosquito completely misses you.
You see here a potion of magic.
You hit the vampire mosquito. You freeze the vampire mosquito.
The vampire mosquito is moderately damaged.
The vampire mosquito misses you.
You punch the vampire mosquito! You freeze the vampire mosquito.
The vampire mosquito is almost destroyed.
The vampire mosquito misses you. The enormous slime creature misses you.
The vampire mosquito bites you but does no damage.
You punch the vampire mosquito! You freeze the vampire mosquito.
You feel a bit better.
You destroy the vampire mosquito!
The Shining One accepts your kill. The enormous slime creature hits you!!!
Ouch! That really hurt!
* * * LOW HITPOINT WARNING * * *
Two slime creatures merge to form a titanic slime creature.
You take 63 damage, and have 10/123 hp.
MASSIVE DAMAGE!!
You howl as the wereblood boils in your veins!
You see here a vampire mosquito corpse.
Your primal bloodlust is almost over.
As you read the scroll of teleportation, it crumbles to dust.
You feel strangely unstable.
You rampage towards the vampire mosquito!
You punch the vampire mosquito! You freeze the vampire mosquito.
The vampire mosquito is heavily damaged.
The vampire mosquito bites you.
* * * LOW HITPOINT WARNING * * *
Two slime creatures merge to form a large slime creature.
You take 2 damage, and have 10/123 hp.
You feel much better. The vampire mosquito misses you.
The vampire mosquito bites you but does no damage.
The titanic slime creature hits you!!!
Ouch! That really hurt!
You die...

*,* #.# #.# #.# *
*,* #.# #.#
#.#**** *,*
#.######.# #..,,,,
**#.#####...J....#
#.#****
,,........######.#
#.# * ,*#######J#
#.# #<# * ,* #.#
#.# #.# * ,* #J#
#y# #.##### ,* #.#
#Y# #...... ,* #J#
#J# #.##### ,* #.#
#.# #.#
,**######.######†#
#.#
,,.........J.J.J.#
#.#
,*#######.######.#
#.# ,* #.# #.# #.#
,* #.# #.# #.# ,*
#.# #.# #.#


You could see a titanic slime creature, a large slime creature and a vampire
mosquito.

Vanquished Creatures
  3 catoblepae
  A centaur warrior (D:10)
  8 hydras
  A boulder beetle (D:9)
  4 two-headed ogres
  9 death yaks
  A tengu warrior (D:10)
  Sonja (Lair:1)
  Nergalle (Lair:2)
  An orb spider (shapeshifter) (D:10)
  2 lindwurms (Lair:4)
  An orc knight (D:10)
  19 elephants
  An ugly thing (D:9)
  2 cyclopes (D:10)
  A merfolk siren (Lair:3)
  4 black mambas
  18 cane toads
  Joseph (Lair:1)
  An orange demon (Lair:2)
  An unseen horror (D:11)
  Maggie (D:6)
  A torpor snail (Lair:3)
  A rime drake (Lair:5)
  4 komodo dragons
  4 kobold demonologists (D:10)
  A freezing wraith (D:10)
  3 merfolk (Lair:3)
  A hornet (D:8)
  4 tyrant leeches
  21 blink frogs
  9 dream sheep
  3 shadows
  2 vampires (D:10)
  3 wraiths (D:10)
  8 wyverns
  26 yaks
  10 vampire mosquitoes
  3 steam dragons
  A basilisk (Lair:2)
  2 wargs (D:11)
  3 acid dragons
  17 water moccasins
  Duvessa (D:5)
  9 orc warriors
  A sky beast (D:6)
  A black bear (D:7)
  6 ice beasts
  3 ogres
  4 wolves (Lair:3)
  6 centaurs
  A phantom (D:5)
  5 kobold brigands
  4 gnoll sergeants
  21 bullfrogs
  4 scorpions
  A necrophage (D:6)
  15 wights
  Dowan (D:5)
  4 killer bees (D:10)
  2 howler monkeys (D:10)
  4 electric eels
  2 jellies
  A gnoll bouda (D:6)
  3 hounds
  4 orc priests
  3 iguanas
  9 orc wizards
  7 hell rats (Lair:5)
  13 gnolls
  8 adders
  A shadow imp (D:8)
  A white imp (D:6)
  4 ufetubi
  2 worms
  3 dart slugs
  43 orcs
  8 ball pythons
  7 endoplasms
  2 giant cockroaches
  3 goblins
  8 hobgoblins
  18 jackals
  5 quokkas
  A bat (D:2)
  4 frilled lizards
  19 kobolds
  3 rats
484 creatures vanquished.

Vanquished Creatures (collateral kills)
  An obsidian statue (D:11)
  A dancing weapon (D:10)
  A gnoll (D:10)
3 creatures vanquished.

Vanquished Creatures (others)
  A dancing weapon (D:10)
  27 fungi
  82 plants
110 creatures vanquished.

Grand Total: 597 creatures vanquished

Notes
Turn   | Place    | Note
-------+----------+-------------------------------------------
     0 | D:1      | Dirtsage the Octopode Transmuter began the quest for the
                  | Orb.
     0 | D:1      | Reached XP level 1. HP: 13/13 MP: 3/3
   112 | D:1      | Reached skill level 1 in Ice Magic
   112 | D:1      | Reached XP level 2. HP: 7/18 MP: 5/5
   115 | D:1      | Learned a level 2 spell: Wereblood
   818 | D:2      | Found a faded altar of an unknown god.
   827 | D:2      | Reached XP level 3. HP: 22/23 MP: 3/6
   860 | D:2      | Identified the +2 dagger of Painted Gallantry {venom, rCorr
                  | Stlth+}
  1158 | D:2      | Reached XP level 4. HP: 28/28 MP: 7/7
  1624 | D:2      | Found a broken altar of Ashenzari.
  2044 | D:2      | Learned a level 4 spell: Ice Form
  2156 | D:3      | Reached XP level 5. HP: 30/33 MP: 4/8
  2823 | D:3      | Found a glowing golden altar of the Shining One.
  2836 | D:3      | Became a worshipper of the Shining One
  3392 | D:4      | Reached XP level 6. HP: 38/38 MP: 3/9
  4089 | D:5      | Entered Level 5 of the Dungeon
  4183 | D:5      | Noticed Duvessa
  4183 | D:5      | Noticed Dowan
  4200 | D:5      | Killed Duvessa
  4201 | D:5      | Reached skill level 5 in Transmutations
  4208 | D:5      | Killed Dowan
  4209 | D:5      | Reached XP level 7. HP: 25/43 MP: 6/10
  4423 | D:5      | Found a shimmering altar of Xom.
  4490 | D:5      | Reached skill level 5 in Ice Magic
  4721 | D:5      | Found a stormy altar of Qazlal.
  5049 | D:6      | Noticed Maggie
  5114 | D:6      | Reached XP level 8. HP: 47/48 MP: 8/11
  5253 | D:6      | Reached skill level 1 in Invocations
  5868 | D:6      | Reached skill level 4 in Unarmed Combat
  5868 | D:6      | Reached XP level 9. HP: 55/55 MP: 7/12
  5909 | D:6      | Found an ancient bone altar of Kikubaaqudgha.
  6013 | D:6      | Found a staircase to the Ecumenical Temple.
  6021 | Temple   | Entered the Ecumenical Temple
  6248 | D:7      | Reached skill level 1 in Hexes
  6252 | D:7      | Learned a level 3 spell: Tukima's Dance
  6531 | D:7      | Found a sacrificial altar of Ru.
  6956 | D:6      | Killed Maggie
  7107 | D:6      | Reached * piety under the Shining One
  7127 | D:6      | Reached skill level 5 in Unarmed Combat
  7237 | D:6      | Reached XP level 10. HP: 65/65 MP: 10/13
  8178 | D:8      | Reached skill level 5 in Invocations
  8496 | D:8      | Reached skill level 5 in Fighting
  9115 | D:9      | Found a staircase to the Lair.
  9122 | D:9      | Found a broken altar of Ashenzari.
  9444 | D:9      | Reached skill level 6 in Unarmed Combat
  9688 | D:9      | Noticed a purple ugly thing
  9703 | D:9      | Killed a purple ugly thing
  9887 | D:9      | Reached ** piety under the Shining One
 10225 | D:9      | Noticed a boulder beetle
 10245 | D:9      | Killed a boulder beetle
 10465 | D:10     | Entered Level 10 of the Dungeon
 10507 | D:10     | Reached XP level 11. HP: 72/72 MP: 11/16
 10511 | D:10     | Learned a level 3 spell: Vhi's Electric Charge
 10588 | D:10     | Reached skill level 5 in Hexes
 10918 | D:10     | Reached *** piety under the Shining One
 10939 | D:10     | Noticed a two-headed ogre
 10945 | D:10     | Killed a two-headed ogre
 10955 | D:10     | Reached skill level 7 in Unarmed Combat
 11108 | D:10     | Noticed a two-headed ogre
 11535 | D:10     | Noticed a cyclops
 11543 | D:10     | Killed a cyclops
 11548 | D:10     | Learned a level 3 spell: Confusing Touch
 12214 | D:10     | Found a portal to a secret trove of treasure.
 12387 | D:10     | Killed a two-headed ogre
 12388 | D:10     | Reached skill level 5 in Spellcasting
 12595 | D:10     | Reached XP level 12. HP: 80/81 MP: 19/19
 12759 | D:10     | Noticed a centaur warrior
 12819 | D:10     | Noticed a tengu warrior
 12836 | D:10     | Killed a tengu warrior
 12837 | D:10     | Reached skill level 10 in Transmutations
 12862 | D:10     | Killed a centaur warrior
 12863 | D:10     | Reached skill level 8 in Unarmed Combat
 12879 | D:10     | Noticed a two-headed ogre
 12884 | D:10     | Killed a two-headed ogre
 12907 | D:10     | Learned a level 3 spell: Ozocubu's Armour
 13115 | D:10     | Identified the +10 morningstar of Gekh {flame, rPois rF-
                  | Int+3}
 13167 | D:10     | Noticed an eight-headed hydra
 13183 | D:10     | Killed an eight-headed hydra
 13208 | D:10     | Identified the +8 long sword of Onupacle {drain, Dex+3}
 13238 | D:10     | Found the +8 arc blade {discharge, rElec}
 13553 | Lair:1   | Entered Level 1 of the Lair of Beasts
 14185 | Lair:1   | Saving game... please wait.
 14214 | Lair:1   | Identified the +3 buckler of Defiance {rN+}
 14244 | Lair:1   | Noticed Sonja
 14248 | Lair:1   | Noticed Joseph
 14248 | Lair:1   | Killed Sonja
 14256 | Lair:1   | Killed Joseph
 14458 | Lair:1   | Reached skill level 9 in Unarmed Combat
 14849 | Lair:2   | Noticed a catoblepas
 14874 | Lair:2   | Killed a catoblepas
 14875 | Lair:2   | Reached skill level 1 in Translocations
 14998 | Lair:2   | Noticed Nergalle
 15003 | Lair:2   | Killed Nergalle
 15004 | Lair:2   | Reached skill level 1 in Air Magic
 15140 | Lair:2   | Reached XP level 13. HP: 81/88 MP: 18/22
 15166 | Lair:2   | Found a hole to the Spider Nest.
 15984 | Lair:3   | Found a staircase to the Shoals.
 16257 | Lair:3   | Learned a level 3 spell: Lesser Beckoning
 16392 | Lair:3   | Reached skill level 10 in Unarmed Combat
 16900 | Lair:3   | Found a runed translucent door.
 17583 | Lair:4   | Reached skill level 5 in Dodging
 18239 | Lair:4   | Reached XP level 14. HP: 97/97 MP: 24/24
 18439 | Lair:4   | Found a viscous altar of Jiyva.
 18439 | Lair:4   | Found a staircase to the Slime Pits.
 18673 | Lair:5   | Entered Level 5 of the Lair of Beasts
 18895 | Lair:5   | Reached **** piety under the Shining One
 19019 | Lair:5   | Reached skill level 11 in Unarmed Combat
 19471 | Lair:5   | Reached skill level 10 in Invocations
 19764 | Lair:5   | Reached skill level 5 in Air Magic
 19790 | Lair:5   | Reached skill level 5 in Translocations
 20122 | Lair:5   | Learned a level 6 spell: Statue Form
 20467 | Lair:5   | Reached skill level 1 in Earth Magic
 20578 | Lair:5   | Identified the +8 spear of the Four Xenops {elec, Fly Str-4
                  | Int+6}
 21027 | D:11     | Found a staircase to the Orcish Mines.
 21050 | D:11     | Reached ***** piety under the Shining One
 21471 | D:11     | Reached XP level 15. HP: 103/103 MP: 11/27
 21763 | D:11     | Reached skill level 10 in Fighting
 21765 | D:11     | Identified the amulet "Faix" {Acrobat Rampage Fly rN+
                  | Dex-3}
 21766 | D:11     | Identified the ring "Zuaz" {AC+4 Slay+6}
 21863 | D:12     | Noticed Rupert
 21959 | D:12     | Annihilated by a titanic slime creature

Illustrated notes

Levels and vault maps discovered:
D:1:      zelgadis_glass_arrival_small, layout_basic, minivault_27, st_stairs_5,
          due_unseen_surprise
D:2:      layout_basic, nicolae_ecumenical_pavilion, basic_altar
D:3:      layout_basic, mainiacjoe_overflow_paths, minmay_misc_feat_iff
D:4:      layout_basic
D:5:      layout_basic, kennysheep_mini_moat, general_overflow_altar,
          uniq_duvessa
D:6:      corexii_shack_village, layout_basic, amcnicky_altar_gilded,
          minmay_temple_entry_glassed_door, nzn_random_ring, uniq_maggie
D:7:      layout_basic, nicolae_ru_path_of_blood
D:8:      layout_loops_ring, chequers_serial_rivers_micro_d
D:9:      layout_basic, mainiacjoe_overflow_alcove_4, lair_entry_dummy,
          kennysheep_generic_room_4
D:10:     minmay_the_grid_octo_tiled_octocenter [minmay_the_grid_octo_focus,
          minmay_the_grid_octo_horde, minmay_the_grid_octo_thin_diamonds,
          minmay_the_grid_octo_teeth,
          minmay_the_grid_octo_prize_ultimate_mussel_roller,
          minmay_the_grid_square_5x5_three, minmay_the_grid_square_5x5_shrine2,
          minmay_the_grid_square_5x5_beaten_path,
          minmay_the_grid_square_5x5_half_checkered], layout_gridville,
          enter_trove_3
D:11:     statuecave_lemuel, layout_cave_pools, david_orc_1_choice
D:12:     argonaut_augean_stables, layout_small_grid, ebering_ghost_gozag,
          portal_ice_cave_entry_pillars_2, grunt_ministairs_10, uniq_rupert,
          uniq_maurice
Temple:   regret_index_temple_sphere_string
Lair:1:   layout_long_grid, fungi_pond_lemuel, grunt_megastairs_4, uniq_joseph,
          uniq_sonja
Lair:2:   layout_loops_ring, spider_nest_entry_web_field, uniq_amaemon,
          uniq_nergalle
Lair:3:   layout_roguey, elwin_shoals_entry_stream, serial_bayou_pond_a,
          st_stairs_5, pf_torpor_hydra
Lair:4:   layout_hall_layers, dpeg_slime_entry_corner, nicolae_lair_lindhole
Lair:5:   minmay_lair_end_frog_pond, layout_cave_shapes, grunt_megastairs_3,
          infiniplex_staircase_pool

Skill      XL: |  1  2  3  4  5  6  7  8  9 10 11 12 13 14 15 |
---------------+----------------------------------------------+-----
Ice Magic      | 1 2 3 4 5 7 |  7.0
Transmutations | 3 4 5 6 7 8 9 10 | 10.1
Invocations    | 2 4 6 7 8 9 10 | 10.6
Fighting       | 2 4 5 7 8 9 10 | 10.0
Unarmed Combat | 4 5 6 7 9 10 11 | 11.8
Hexes          | 3 4 6 7 |  7.2
Spellcasting   | 3 5 6 7 8 |  8.2
Dodging        | 3 5 6 |  6.9
Translocations | 1 3 5 |  5.1
Air Magic      | 1 3 5 |  5.2
Earth Magic    | 3 |  3.4

Action                   |  1- 3 |  4- 6 |  7- 9 | 10-12 | 13-15 || total
-------------------------+-------+-------+-------+-------+-------++-------
Melee: Unarmed           |    71 |   198 |   188 |   537 |   693 ||  1687
       Constrict         |    19 |    46 |     4 |     1 |     3 ||    73
       Tentacles         |    16 |    32 |     3 |     7 |     2 ||    60
       Punch             |     1 |     5 |       |     1 |       ||     7
       Kick              |    21 |    35 |     1 |       |       ||    57
 Cast: Beastly Appendage |    10 |    19 |     1 |       |       ||    30
       Ice Form          |       |     6 |    20 |    49 |    50 ||   125
       Wereblood         |       |       |     1 |       |     9 ||    10
       Tukima's Dance    |       |       |       |    14 |     8 ||    22
       Confusing Touch   |       |       |       |     3 |       ||     3
       Ozocubu's Armour  |       |       |       |     5 |    19 ||    24
       Vhi's Electric Ch |       |       |       |     2 |     1 ||     3
Invok: Divine Shield     |       |       |       |    15 |     6 ||    21
       Summon Divine War |       |       |       |       |     1 ||     1
Evoke: Wand              |       |     3 |     8 |    11 |     3 ||    25
       Box of beasts     |       |       |       |     1 |       ||     1
  Use: Scroll            |       |       |       |    17 |    11 ||    28
       Potion            |       |       |       |     1 |     1 ||     2
 Stab: Sleeping          |     4 |     5 |       |       |       ||     9
Armor: Skin              |     2 |    25 |    60 |   141 |   211 ||   439
Dodge: Dodged            |    32 |   101 |    62 |   223 |   382 ||   800
Block: Other             |     6 |    47 |    26 |   198 |   135 ||   412
       Reflection        |       |     1 |       |     9 |       ||    10

Table legend: (Time is in decaauts)
 A = Elapsed time spent in this place.
 B = Non-inter-level travel time spent in this place.
 C = Inter-level travel time spent in this place.
 D = Time resting spent in this place.
 E = Time spent auto-exploring this place.
 F = Levels seen in this place.
 G = Mean time per level.
                   A        B        C        D        E       F      G
               +--------+--------+--------+--------+--------+-----+--------+
         Total |  21731 |  20821 |    910 |   1598 |  15213 |  18 | 1207.3 |
       Dungeon |  14530 |  13944 |    586 |    980 |  10611 |  12 | 1210.8 |
        Temple |      1 |      1 |      0 |      0 |      0 |   1 |    1.0 |
          Lair |   7199 |   6876 |    323 |    618 |   4602 |   5 | 1439.8 |
               +--------+--------+--------+--------+--------+-----+--------+

Top non-repeatable levels by time:
    D:10: 3041 daAuts
  Lair:4: 2021 daAuts
  Lair:3: 1577 daAuts
  Lair:5: 1555 daAuts
     D:6: 1428 daAuts
     D:9: 1405 daAuts
     D:7: 1364 daAuts
     D:3: 1332 daAuts
     D:2: 1293 daAuts
     D:5: 1120 daAuts
  Lair:1: 1100 daAuts
     D:8: 1087 daAuts
  Lair:2: 944 daAuts
    D:11: 922 daAuts
     D:1: 816 daAuts
